 Dungeon Crawl Stone Soup version 0.23.1 (webtiles) character file.

Game seed: 13767697976729373647

6748 Borgoz the Cutter (level 11, -1/87 (88) HPs)
             Began as a Ghoul Enchanter on Mar 13, 2019.
             Was a Believer of Ashenzari.
             Slain by an orc knight
             ... wielding a +0 broad axe
              (25 damage)
             ... on level 9 of the Dungeon.
             The game lasted 00:22:42 (9567 turns).

Borgoz the Cutter (Ghoul Enchanter)                 Turns: 9567, Time: 00:22:42

HP:   -1/87 (88)    AC: 13    Str: 13    XL:     11   Next: 4%
MP:   23/23         EV: 16    Int: 14    God:    Ashenzari [**....]
Gold: 156           SH:  0    Dex: 16    Spells: 7/15 levels left

rFire    . . .     SeeInvis .   b - +3 dagger (venom)
rCold    + . .     Gourm    .   (no shield)
rNeg     + + +     Faith    .   L - +3 leather armour of Tenacity {MP+9 Int+4}
rPois    ∞         Spirit   .   s - +1 helmet (curse)
rElec    .         Reflect  .   (no cloak)
rCorr    .         Harm     .   R - +0 pair of gloves
MR       .....                  J - +2 pair of boots
Stlth    +++.......             (no amulet)
HPRegen  0.00/turn              m - +5 ring of slaying (curse)
MPRegen  0.18/turn              r - +4 ring of dexterity

@: rotting, studying Polearms
A: rotting body, claws 1, carnivore, cold resistance 1, negative energy
resistance 3, inhibited regeneration, torment resistance, unbreathing
a: Curse Item, Scrying, Renounce Religion


You were on level 9 of the Dungeon.
You worshipped Ashenzari.
Ashenzari was pleased with you.
You were not hungry.

You visited 2 branches of the dungeon, and saw 11 of its levels.

You collected 540 gold pieces.
You spent 384 gold pieces at shops.

Inventory:

Hand Weapons
 a - a +2 dagger of draining
 b - a +3 dagger of venom (weapon)
 p - a +0 dagger of holy wrath
 v - a +0 blowgun
 I - a +0 rapier
 P - the +3 war axe of Havoc {elec, rPois Int+3}
   (You found it on level 9 of the Dungeon)

   Occasionally, upon striking a foe, it will discharge some electrical energy
   and cause terrible harm.
   It affects your intelligence (+3).
   It protects you from poison.
Missiles
 c - 22 tomahawks
 g - 6 needles of paralysis
 k - a throwing net (quivered)
 N - 17 poisoned needles
 S - 8 exploding tomahawks
Armour
 s - a cursed +1 helmet (worn)
 G - the +0 leather armour of Xulic {rElec rPois Regen+ Dex-5}
   (You found it on level 8 of the Dungeon)

   It affects your dexterity (-5).
   It insulates you from electricity.
   It protects you from poison.
   It increases your rate of regeneration.
 J - a +2 pair of boots (worn)
 L - the +3 leather armour of Tenacity (worn) {MP+9 Int+4}
   (You bought it in a shop on level 9 of the Dungeon)

   It affects your intelligence (+4).
   It affects your magic capacity (+9).
 M - the +6 scale mail of the Learner {rF+ rC+ MR+}
   (You bought it in a shop on level 9 of the Dungeon)

   It protects you from fire.
   It protects you from cold.
   It affects your resistance to hostile enchantments.
 R - a +0 pair of gloves (worn)
Jewellery
 f - a +3 ring of dexterity
 m - a cursed +5 ring of slaying (left hand)
 r - a +4 ring of dexterity (right hand)
 D - an uncursed ring of protection from magic
 H - an uncursed amulet of guardian spirit
 O - an uncursed ring of protection from cold
Wands
 h - a wand of random effects (11)
 n - a wand of paralysis (7)
 Q - a wand of flame (23)
Scrolls
 l - 3 scrolls of blinking
 o - a scroll of vulnerability {unknown}
 q - 4 scrolls of amnesia
 t - 4 scrolls of teleportation
 y - 2 scrolls of fear
 E - a scroll of enchant weapon
 F - a scroll of noise {unknown}
 K - 2 scrolls of remove curse
Potions
 e - a potion of flight
 i - a potion of ambrosia
 j - 2 potions of invisibility
 u - 4 potions of haste
 w - a potion of berserk rage {unknown}
 x - 3 potions of might
 z - 4 potions of heal wounds
 A - 2 potions of agility
 B - a potion of lignification {unknown}
 T - a potion of resistance {unknown}
 V - a potion of curing
Books
 C - a manual of Polearms
Comestibles
 d - 22 rations
 U - 4 chunks of flesh


   Skills:
 + Level 5.2 Fighting
 * Level 7.7 Short Blades
 * Level 6.8 Armour
 * Level 6.8 Dodging
 + Level 6.8 Stealth
 + Level 2.9 Spellcasting
 * Level 5.2 Hexes
 + Level 1.8 Evocations


You had 7 spell levels left.
You knew the following spells:

 Your Spells              Type           Power        Failure   Level  Hunger
a - Corona                Hex            ###....      3%          1    #......
b - Ensorcelled Hibernat  Hex/Ice        #.....       14%         2    ##.....
c - Confuse               Hex            ###.....     10%         3    ###....
d - Blink                 Tloc           N/A          38%         2    ##.....

Your spell library contained the following spells:

 Spells                   Type           Power        Failure   Level  Hunger
 Slow                     Hex            ###.....     4%          2    ##.....
 Tukima's Dance           Hex            ###.....     10%         3    ###....
 Magic Dart               Conj           #...         26%         1    #......
 Dazzling Spray           Conj/Hex       #.....       28%         3    ###....
 Call Imp                 Summ           #.......     38%         2    ##.....
 Sticks to Snakes         Tmut           #.......     38%         2    ##.....
 Conjure Flame            Conj/Fire      #.......     63%         3    ###....
 Mephitic Cloud           Conj/Pois/Air  #.......     63%         3    ###....
 Beastly Appendage        Tmut           Unusable     N/A         1    N/A
 Spider Form              Tmut/Pois      Unusable     N/A         3    N/A
 Ice Form                 Ice/Tmut       Unusable     N/A         4    N/A
 Blade Hands              Tmut           Unusable     N/A         5    N/A

Dungeon Overview and Level Annotations

Branches:
Dungeon (10/15)            Temple (1/1) D:4
   Lair: D:8-11         Orc: D:9-12

Altars:
Ashenzari
Cheibriados
Dithmenos
Elyvilon
Fedhas
Gozag
Hepliaklqana
Kikubaaqudgha
Makhleb
Nemelex Xobeh
Okawaru
Qazlal
Ru
Sif Muna
Trog
Uskayaw
Vehumet
Wu Jian
Xom
Yredelemnul
Zin
The Shining One

Shops:
D:9 [


Innate Abilities, Weirdness & Mutations

Your body is rotting away.
You thrive on raw meat.
You are immune to poison.
You have sharp fingernails.
You are carnivorous and can eat meat at any time.
Your flesh is cold resistant. (rC+)
You are immune to negative energy. (rN+++)
You do not regenerate when monsters are visible.
You are immune to unholy pain and torment.
You can survive without breathing.


Message History

The orc knight misses you.
You see here an arrow.
The bullfrog closely misses you.
There is a stone staircase leading up here.
You see here 3 arrows.
The bullfrog barely misses you.
The orc knight hits you with a +0 broad axe!
* * * LOW HITPOINT WARNING * * *
You climb upwards.
There is a stone staircase leading down here.
The bullfrog misses you.
The bullfrog hits you but does no damage.
You feel your flesh rotting away. The bullfrog closely misses you.
There is an open door here.
You see here a +0 ring mail.
You hit the orc knight.
The orc knight is poisoned.
The orc knight is lightly wounded.
The orc knight hits you with a +0 broad axe!!
You die...

.................#####.#
####.............# #.# #
#.............# #.# #
#.............# #.# #
#.............# #.# #
#.............# #.#
####.............#####.#
.......................#
################@......#
..........#...Fo.......#
..........#....#.......#
..........#[...#.......#
..........#.>..#.......#
####.....#######.......#
...#.....#######.......#
...#.....#.....#.......#
...#.....'.....'...#...#


You could see an orc knight and a bullfrog.

Vanquished Creatures
  Pikel (D:7)
  A kobold demonologist (D:9)
  A yaktaur (D:10)
  2 trolls
  A merfolk (D:9)
  Grinder (D:5)
  A hippogriff (D:8)
  A steam dragon (D:10)
  Menkaure (D:6)
  Edmund (D:6)
  A water moccasin (D:6)
  3 ice beasts
  2 orc warriors
  3 sky beasts
  A phantom (D:6)
  4 black bears
  4 slaves (D:7)
  A necrophage (D:9)
  3 centaurs (D:10)
  4 ogres
  A big kobold (D:9)
  5 bullfrogs
  2 scorpions
  8 killer bees (D:9)
  3 wights (D:6)
  A bullfrog zombie (D:6)
  8 crimson imps
  A centaur zombie (D:9)
  2 quasits
  5 hounds
  3 jellies
  2 bullfrog skeletons
  5 orc priests
  A gnoll shaman (D:7)
  An iguana (D:10)
  5 worker ants
  4 orc wizards
  A hound zombie (D:7)
  3 hound skeletons
  Robin (D:2)
  2 howler monkey zombies
  A worker ant zombie (D:9)
  4 gnolls (D:7)
  3 adders
  2 shadow imps
  An ooze (D:3)
  An adder zombie (D:8)
  2 worms
  2 dart slugs
  6 leopard geckos
  36 orcs
  A ball python (D:3)
  6 bats
  10 giant cockroaches
  21 goblins
  10 hobgoblins
  4 jackals
  9 kobolds
  3 quokkas
  9 frilled lizards
  A quokka skeleton (D:8)
  A quokka zombie (D:9)
  8 rats
242 creatures vanquished.

Notes
Turn   | Place    | Note
-------+----------+-------------------------------------------
     0 | D:1      | Borgoz the Ghoul Enchanter began the quest for the Orb.
     0 | D:1      | Reached XP level 1. HP: 14/14 MP: 2/2
    28 | D:1      | Reached skill level 1 in Short Blades
   164 | D:1      | Reached XP level 2. HP: 14/20 MP: 3/3
   367 | D:1      | Reached skill level 1 in Armour
   877 | D:2      | Reached XP level 3. HP: 25/25 MP: 4/4
   890 | D:2      | Learned a level 2 spell: Ensorcelled Hibernation
  1014 | D:2      | Found a radiant altar of Vehumet.
  1119 | D:2      | Reached skill level 2 in Short Blades
  1193 | D:2      | Noticed Robin
  1234 | D:2      | Killed Robin
  1234 | D:2      | Reached XP level 4. HP: 23/33 MP: 5/5
  1634 | D:3      | Reached XP level 5. HP: 25/38 MP: 6/6
  1658 | D:3      | Learned a level 3 spell: Confuse
  1765 | D:3      | Noticed an ice beast
  1787 | D:3      | Killed an ice beast
  1787 | D:3      | Reached skill level 3 in Short Blades
  1789 | D:3      | Reached XP level 6. HP: 34/45 MP: 7/7
  1903 | D:3      | You fall through a shaft!
  2091 | D:4      | You fall through a shaft!
  2091 | D:5      | Entered Level 5 of the Dungeon
  2223 | D:5      | Noticed Grinder
  2231 | D:5      | Paralysed by Grinder for 2 turns
  2242 | D:5      | Killed Grinder
  2242 | D:5      | Reached skill level 1 in Fighting
  2242 | D:5      | Reached skill level 4 in Short Blades
  2242 | D:5      | Reached XP level 7. HP: 30/52 MP: 7/9
  2747 | D:3      | Found a glowing golden altar of the Shining One.
  2899 | D:4      | Found a snail-covered altar of Cheibriados.
  3101 | D:4      | Found a staircase to the Ecumenical Temple.
  3268 | Temple   | Entered the Ecumenical Temple
  3424 | Temple   | Became a worshipper of Ashenzari the Shackled
  3619 | D:4      | Reached XP level 8. HP: 34/59 MP: 10/10
  3848 | D:5      | Found a stormy altar of Qazlal.
  4548 | D:6      | Reached skill level 5 in Short Blades
  4749 | D:6      | Noticed Menkaure
  4757 | D:6      | Killed Menkaure
  5053 | D:6      | Reached skill level 5 in Armour
  5053 | D:6      | Reached XP level 9. HP: 60/69 MP: 11/11
  5243 | D:6      | Found a bloodstained altar of Trog.
  5248 | D:6      | Reached skill level 5 in Stealth
  5321 | D:6      | Reached skill level 5 in Dodging
  5546 | D:6      | Reached skill level 6 in Short Blades
  5760 | D:6      | Noticed Edmund
  5783 | D:6      | Killed Edmund
  5940 | D:7      | Learned a level 2 spell: Blink
  5995 | D:7      | Noticed Pikel
  6043 | D:7      | Killed Pikel
  6071 | D:7      | Reached * piety under Ashenzari
  6400 | D:7      | Found a blossoming altar of Fedhas.
  6768 | D:8      | Got the uncursed leather armour of Xulic {rElec rPois
                  | Regen+ Dex-5}
  6797 | D:8      | Found a glowing golden altar of the Shining One.
  6828 | D:8      | Reached XP level 10. HP: 76/80 MP: 12/12
  7082 | D:8      | Reached skill level 7 in Short Blades
  7703 | D:9      | Found Ragul Waibes's Antique Armour Shop.
  7763 | D:9      | Bought an encrusted leather armour for 168 gold pieces
  7763 | D:9      | Bought a fine scale mail for 216 gold pieces
  7773 | D:9      | Identified the +0 leather armour of Xulic {rElec rPois
                  | Regen+ Dex-5} (You found it on level 8 of the Dungeon)
  7783 | D:9      | Identified the +3 leather armour of Tenacity {MP+9 Int+4}
                  | (You bought it in a shop on level 9 of the Dungeon)
  7794 | D:9      | Identified the +6 scale mail of the Learner {rF+ rC+ MR+}
                  | (You bought it in a shop on level 9 of the Dungeon)
  8191 | D:9      | Got the war axe of Havoc {elec, rPois Int+3}
  8192 | D:9      | Identified the +3 war axe of Havoc {elec, rPois Int+3} (You
                  | found it on level 9 of the Dungeon)
  8209 | D:9      | Reached skill level 1 in Evocations
  8277 | D:9      | Found a burning altar of Makhleb.
  8333 | D:9      | Reached ** piety under Ashenzari
  8382 | D:9      | Found a stormy altar of Qazlal.
  8957 | D:10     | Entered Level 10 of the Dungeon
  8983 | D:10     | Reached skill level 5 in Fighting
  9047 | D:10     | Noticed an orc knight
  9060 | D:10     | Noticed a kobold demonologist
  9064 | D:10     | Reached skill level 5 in Hexes
  9212 | D:9      | Killed a kobold demonologist
  9242 | D:10     | Reached XP level 11. HP: 75/88 MP: 14/14
  9567 | D:9      | Slain by an orc knight

Skill      XL: |  1  2  3  4  5  6  7  8  9 10 |
---------------+-------------------------------+-----
Short Blades   | 1 2 3 4 5 6 7 |  7.7
Dodging        | 2 3 4 5 6 |  6.8
Armour         | 1 2 3 5 6 |  6.8
Fighting       | 1 3 4 5 |  5.2
Spellcasting   | 2 |  2.9
Stealth        | 4 5 6 |  6.8
Hexes          | 3 4 5 |  5.2
Evocations     | 1 |  1.8

Action                   |  1- 3 |  4- 6 |  7- 9 | 10-12 || total
-------------------------+-------+-------+-------+-------++-------
Melee: Dagger            |   133 |   130 |   365 |   275 ||   903
 Cast: Ensorcelled Hiber |       |       |       |    12 ||    12
Invok: Curse Item        |       |       |     2 |       ||     2
  Use: Scroll            |       |     5 |    11 |       ||    16
       Potion            |       |     2 |       |       ||     2
 Stab: Sleeping          |     4 |     2 |     8 |    11 ||    25
       Distracted        |       |       |     2 |     1 ||     3
  Eat: Chunk             |    14 |    25 |    15 |    14 ||    68
Armor: Robe              |    15 |    22 |     2 |       ||    39
       Leather armour    |       |       |    79 |    79 ||   158
Dodge: Dodged            |    64 |    70 |   212 |   274 ||   620
